 Dungeon Crawl Stone Soup version 0.28-a0-834-g1a73be5ee4 (webtiles) character file.

Game seed: 12164544775305532930

371 siradein the Poker (level 6, 0/48 HPs)
             Began as a Merfolk Gladiator on Nov 11, 2021.
             Slain by an orc (4 damage)
             ... on level 3 of the Dungeon.
             The game lasted 00:06:03 (3112 turns).

siradein the Poker (Merfolk Gladiator)              Turns: 3112, Time: 00:06:04

Health: 0/48       AC:  5    Str: 15    XL:     6   Next: 71%
Magic:  6/6        EV: 14    Int:  8    God:
Gold:   101        SH:  0    Dex: 16    Spells: 5/5 levels left

rFire   + . .      SeeInvis .   a - +0 trident
rCold   . . .      Faith    .   (no shield)
rNeg    . . .      Spirit   .   b - +0 leather armour
rPois   .          Reflect  .   c - +0 helmet
rElec   .          Harm     .   (no cloak)
rCorr   .          Rampage  .   i - +0 pair of gloves
Will    .....                   (no boots)
Stlth   +.........              (no amulet)
HPRegen 0.16/turn               j - ring of protection from fire
MPRegen 0.10/turn               (no ring)

@: no status effects
A: (nimble swimmer 2), mertail
a: no special abilities


You were on level 3 of the Dungeon.
You visited 1 branch of the dungeon, and saw 4 of its levels.
You also visited: Sewer.

You collected 101 gold pieces.

Inventory:

Hand Weapons
 a - a +0 trident (weapon)
Missiles
 d - 3 throwing nets
 f - 78 stones (quivered)
Armour
 b - a +0 leather armour (worn)
 c - a +0 helmet (worn)
 i - a +0 pair of gloves (worn)
Jewellery
 j - a ring of protection from fire (left hand)
Wands
 q - a wand of digging (3)
Scrolls
 h - 2 scrolls of blinking {unknown}
 k - a scroll of silence {unknown}
 l - a scroll of identify {unknown}
 m - a scroll of enchant weapon {unknown}
 p - a scroll of amnesia {unknown}
 r - a scroll of teleportation {unknown}
Potions
 e - 3 potions of ambrosia {unknown}
 g - a potion of haste {unknown}
 n - a potion of curing {unknown}
 o - 2 potions of flight {unknown}


   Skills:
 + Level 4.1 Fighting
 + Level 6.4 Polearms
 + Level 3.8 Throwing
 + Level 5.9 Dodging


You had 5 spell levels left.
You didn't know any spells.
Your spell library contained the following spells:

 Spells                   Type           Power      Damage    Failure   Level
 Shock                    Conj/Air       0%         1d3       47%         1
 Static Discharge         Conj/Air       0%         N/A       63%         2
 Swiftness                Air            0%         N/A       85%         3
 Airstrike                Air            0%         N/A       99%         4
 Dispel Undead            Necr           0%         3d6       99%         4
 Sticky Flame             Conj/Fire      0%         2d3       99%         4


Dungeon Overview and Level Annotations

Branches:
Dungeon (4/15)              Sewer (visited)
 Temple: D:4-7

Altars:


Innate Abilities, Weirdness & Mutations

((You are quick and stealthy near water. (Stealth+, EV+, Speed+++)))
Your lower body shifts to a powerful aquatic tail in water.


Message History

There is a stone staircase leading down here.
You climb downwards.
The orc barely misses you.
There is a stone staircase leading up here.
The endoplasm freezes you.
You are frozen.
You climb upwards.
There is a stone staircase leading down here.
You hit the orc priest.
The orc priest is moderately wounded.
The orc closely misses you.
The endoplasm hits you but does no damage.
The orc priest invokes the aid of Beogh against you.
Beogh smites you!
You closely miss the orc priest.
The orc priest is moderately wounded.
The orc closely misses you. The endoplasm hits you.
The orc priest mumbles some strange prayers to Beogh against you.
Beogh smites you!
You are too injured to fight recklessly!
You are too injured to fight recklessly!
You are too injured to fight recklessly!
You barely miss the orc priest.
The orc priest is moderately wounded.
The orc barely misses you.
The endoplasm jiggles.
The endoplasm completely misses you.
The orc priest hits you with a +0 hand axe.
* * * LOW HITPOINT WARNING * * *
The orc priest barely misses you. The orc closely misses you.
The orc priest calls down the wrath of Beogh upon you.
Beogh smites you!
* * * LOW HITPOINT WARNING * * *
The orc completely misses you. The orc hits you with a +0 club.
* * * LOW HITPOINT WARNING * * *
You barely miss the orc priest.
The orc priest is moderately wounded.
The orc hits you with a +0 club.
You die...

##.#.##.###### # #....##.##...#
## #..........>.# #.
#....##.##...# #.
........###o##### ######.
.....######.###J## ######...)..
##.### #.(.#.#.## #........###
#.# #...J###o# #.##.......# #.#
#...#.#@## #.##.#.#.#.# ##+##
######o## #.##.#.#.#.# #...## #.#
#.##...#.#.# .....## ####.##
#.##..##.#.# ......## ##.#...#
#........#.#
.......####......########........
....)..'.........................
.......####....#########....####.
......## ##.#.# #.#.## ##


You could see an orc priest and an orc.

Vanquished Creatures
  2 bullfrogs (Sewer)
  2 hounds
  An orc wizard (D:3)
  Robin (D:3)
  4 gnolls
  2 adders
  3 worms
  A dart slug (D:2)
  3 orcs (D:3)
  8 ball pythons
  6 bats
  An endoplasm (D:1)
  9 giant cockroaches
  12 goblins
  9 hobgoblins
  4 quokkas (Sewer)
  4 frilled lizards
  5 kobolds
  4 rats
  A spectral goblin (D:2)
82 creatures vanquished.

Notes
Turn   | Place    | Note
-------+----------+-------------------------------------------
     0 | D:1      | siradein the Merfolk Gladiator began the quest for the Orb.
     0 | D:1      | Reached XP level 1. HP: 16/16 MP: 1/1
   322 | D:1      | Reached XP level 2. HP: 23/23 MP: 2/2
   563 | D:2      | Reached XP level 3. HP: 28/28 MP: 3/3
   596 | D:2      | Reached skill level 5 in Polearms
   658 | D:2      | Reached XP level 4. HP: 22/35 MP: 4/4
   905 | D:2      | Found a faded altar of an unknown god.
  1221 | D:3      | Found a glowing drain.
  1225 | Sewer    | Entered a sewer
  1381 | Sewer    | Reached skill level 5 in Dodging
  1416 | Sewer    | Noticed a bullfrog
  1422 | Sewer    | Noticed a bullfrog
  1435 | Sewer    | Killed a bullfrog
  1436 | Sewer    | Reached XP level 5. HP: 23/41 MP: 5/5
  1453 | Sewer    | Reached skill level 6 in Polearms
  1453 | Sewer    | Reached XP level 6. HP: 10/48 MP: 6/6
  2150 | D:3      | Noticed Robin
  2180 | D:3      | Killed Robin
  3112 | D:3      | Slain by an orc

Illustrated notes

Levels and vault maps discovered:
D:1:      dpeg_arrival_water_temple_mockup, layout_basic, minmay_misc_feat_chi,
          hangedman_decor_growths
D:2:      layout_rooms, dreamdust_ecumenical_altar_drowned_temple
D:3:      layout_loops_corners, gup_sewer_entry_bowl, cheibrodos_gnoll_hut,
          uniq_robin
D:4:      layout_basic, uniq_ijyb, uniq_natasha

Skill      XL: |  1  2  3  4  5  6 |
---------------+-------------------+-----
Polearms       | 5 6 |  6.4
Fighting       | 3 4 |  4.1
Dodging        | 5 |  5.9
Throwing       | 3 |  3.8

Action                   |  1- 3 |  4- 6 || total
-------------------------+-------+-------++-------
Melee: Trident           |    65 |   154 ||   219
       Tailslap          |       |    17 ||    17
       Scythe            |       |    69 ||    69
 Stab: Sleeping          |     2 |     3 ||     5
Armor: Leather armour    |    12 |    64 ||    76
Dodge: Dodged            |    34 |   212 ||   246

Table legend: (Time is in decaauts)
 A = Elapsed time spent in this place.
 B = Non-inter-level travel time spent in this place.
 C = Inter-level travel time spent in this place.
 D = Time resting spent in this place.
 E = Time spent auto-exploring this place.
 F = Levels seen in this place.
 G = Mean time per level.
                   A        B        C        D        E       F      G
               +--------+--------+--------+--------+--------+-----+--------+
         Total |   3107 |   3016 |     91 |    496 |   1830 |   5 |  621.4 |
       Dungeon |   2639 |   2548 |     91 |    258 |   1726 |   4 |  659.8 |
         Sewer |    468 |    468 |      0 |    238 |    103 |   1 |  468.0 |
               +--------+--------+--------+--------+--------+-----+--------+

Top non-repeatable levels by time:
     D:3: 1263 daAuts
     D:2: 953 daAuts
   Sewer: 468 daAuts
     D:1: 417 daAuts
     D:4: 4 daAuts
